AA NE
HARTFORD YARD GOATS @ AKRON RUBBERDUCKS
05/25/2042
 
TOP OF THE 1ST
Hartford Yard Goats batting - Pitching for Akron RubberDucks : RHP Curt Blackwell
Pitching: RHP Curt Blackwell
Batting: RHB Ben Austin 0-0: Ball
1-0: Foul Ball, location: 2F
1-1: Foul Ball, location: 5F
1-2: Foul Ball, location: 9LSF
1-2: Ball
2-2: Strikes out swinging
Batting: RHB Tom Spencer 0-0: Called Strike
0-1: Fly out, F7 (Flyball, 7, EV 97.5 MPH)
Batting: LHB Mike Gibson 0-0: Fly out, F9 (Flyball, 9D, EV 84.4 MPH)
Top of the 1st over - 0 runs, 0 hits, 0 errors, 0 left on base; Hartford 0 - Akron 0
BOTTOM OF THE 1ST
Akron RubberDucks batting - Pitching for Hartford Yard Goats : RHP Greg Ashby
Pitching: RHP Greg Ashby
Batting: RHB Randy Burke 0-0: Ball
1-0: TRIPLE (Flyball, 89XD, EV 91.9 MPH)
Batting: RHB António Trujillo 0-0: Called Strike
0-1: Ball
1-1: Ball
2-1: Swinging Strike
2-2: Foul Ball, location: 2F
2-2: Fly out, F8 (Flyball, 8LM, EV 84.4 MPH)
Runner from 3rd tags up, SCORES, throw by CF
Batting: RHB Doug Black 0-0: Foul Ball, location: 9LDF
0-1: Foul Ball, location: 2F
0-2: Strikes out swinging
Batting: LHB Ignacio Hernández 0-0: Called Strike
0-1: Ball
1-1: Fly out, F5 (Popup, 5SF, EV 81.3 MPH)
Bottom of the 1st over - 1 run, 1 hit, 0 errors, 0 left on base; Hartford 0 - Akron 1
TOP OF THE 2ND
Hartford Yard Goats batting - Pitching for Akron RubberDucks : RHP Curt Blackwell
Batting: RHB Aurelio Alvarado 0-0: DOUBLE (Groundball, 5L, EV 95.6 MPH)
Batting: SHB José Flores 0-0: Swinging Strike
0-1: Ball
1-1: Foul Ball, location: 23FF
1-2: Strikes out swinging
Batting: RHB Iván Ojeda 0-0: Called Strike
0-1: Foul Ball, location: 7LDF
0-2: Strikes out looking
Batting: RHB Greg Ashby 0-0: Ball
1-0: Ball
2-0: Ground out 5-3 (Groundball, 56S, EV 63.1 MPH)
Top of the 2nd over - 0 runs, 1 hit, 0 errors, 1 left on base; Hartford 0 - Akron 1
BOTTOM OF THE 2ND
Akron RubberDucks batting - Pitching for Hartford Yard Goats : RHP Greg Ashby
Batting: RHB José González 0-0: Called Strike
0-1: Ball
1-1: Ground out 5-3 (Groundball, 56S, EV 68.8 MPH)
Batting: LHB Tim Elliott 0-0: Swinging Strike
0-1: Called Strike
0-2: Strikes out swinging
Batting: LHB Spike Lehman 0-0: Fly out, F8 (Flyball, 8LD, EV 86.3 MPH)
Bottom of the 2nd over - 0 runs, 0 hits, 0 errors, 0 left on base; Hartford 0 - Akron 1
TOP OF THE 3RD
Hartford Yard Goats batting - Pitching for Akron RubberDucks : RHP Curt Blackwell
Batting: RHB Dave Howard 0-0: Called Strike
0-1: Ball
1-1: Ball
2-1: Ball
3-1: Reached on error, E6 (Groundball, 6, EV 105.6 MPH)
Batting: SHB Jerry Clifton 0-0: Bunted foul
0-1: Ball
1-1: Bunted foul
1-2: Ball
2-2: Fly out, F2 (Popup, 25F, EV 45.0 MPH)
Batting: RHB Ben Austin 0-0: Ball
1-0: Ball
2-0: Foul Ball, location: 23F
2-1: Ball
3-1: Grounds into double play, 5-4-3 (Groundball, 56, EV 93.1 MPH)
Top of the 3rd over - 0 runs, 0 hits, 1 error, 0 left on base; Hartford 0 - Akron 1
BOTTOM OF THE 3RD
Akron RubberDucks batting - Pitching for Hartford Yard Goats : RHP Greg Ashby
Batting: RHB Dan Myers 0-0: Ball
1-0: Swinging Strike
1-1: Called Strike
1-2: Ball
2-2: Ball
3-2: Ground out 4-3 (Groundball, 4, EV 91.9 MPH)
Batting: RHB Chris Slater 0-0: Called Strike
0-1: Swinging Strike
0-2: Foul Ball, location: 7LSFF
0-2: Ball
1-2: Strikes out swinging
Batting: RHB Randy Burke 0-0: Ball
1-0: Foul Ball, location: 9LMF
1-1: Ball
2-1: Ball
3-1: Base on Balls
Batting: RHB António Trujillo 0-0: Ball
1-0: Called Strike
1-1: Ball
2-1: Called Strike
2-2: Ball
3-2: Fly out, F8 (Flyball, 89S, EV 86.3 MPH)
Bottom of the 3rd over - 0 runs, 0 hits, 0 errors, 1 left on base; Hartford 0 - Akron 1
TOP OF THE 4TH
Hartford Yard Goats batting - Pitching for Akron RubberDucks : RHP Curt Blackwell
Batting: RHB Tom Spencer 0-0: Called Strike
0-1: Ball
1-1: Foul Ball, location: 2F
1-2: Ball
2-2: SINGLE (Line Drive, 5D, EV 99.4 MPH)
Batting: LHB Mike Gibson 0-0: Ball
1-0: Ball
2-0: Grounds into double play, 4-6-3 (Groundball, 4S, EV 79.4 MPH)
Batting: RHB Aurelio Alvarado 0-0: Ball
1-0: Fly out, F9 (Line Drive, 9, EV 93.8 MPH)
Top of the 4th over - 0 runs, 1 hit, 0 errors, 0 left on base; Hartford 0 - Akron 1
BOTTOM OF THE 4TH
Akron RubberDucks batting - Pitching for Hartford Yard Goats : RHP Greg Ashby
Batting: RHB Doug Black 0-0: Foul Ball, location: 9LSF
0-1: Ball
1-1: Swinging Strike
1-2: Strikes out looking
Batting: LHB Ignacio Hernández 0-0: Swinging Strike
0-1: Ball
1-1: Called Strike
1-2: Strikes out swinging
Batting: RHB José González 0-0: Ball
1-0: Foul Ball, location: 5FF
1-1: Called Strike
1-2: Fly out, F4 (Line Drive, 4, EV 71.3 MPH)
Bottom of the 4th over - 0 runs, 0 hits, 0 errors, 0 left on base; Hartford 0 - Akron 1
TOP OF THE 5TH
Hartford Yard Goats batting - Pitching for Akron RubberDucks : RHP Curt Blackwell
Batting: SHB José Flores 0-0: Ball
1-0: Ball
2-0: Foul Ball, location: 9LSF
2-1: Ball
3-1: Base on Balls
Batting: RHB Iván Ojeda 0-0: Ball
1-0: Ball
2-0: SINGLE (Flyball, 89S, EV 80.0 MPH)
José Flores to second
Batting: RHB Greg Ashby 0-0: Sac Bunt to 15 - play at first, batter OUT! 1-4
José Flores to third
Iván Ojeda to second
Batting: RHB Dave Howard 0-0: Ball
1-0: Called Strike
1-1: Ball
2-1: Foul Ball, location: 2F
2-2: Ball
3-2: Fly out, F4 (Popup, 4D, EV 59.4 MPH)
Batting: SHB Jerry Clifton 0-0: Called Strike
0-1: Swinging Strike
0-2: Strikes out swinging
Top of the 5th over - 0 runs, 1 hit, 0 errors, 2 left on base; Hartford 0 - Akron 1
BOTTOM OF THE 5TH
Akron RubberDucks batting - Pitching for Hartford Yard Goats : RHP Greg Ashby
Batting: LHB Tim Elliott 0-0: Called Strike
0-1: Fly out, F5 (Popup, 5SF, EV 73.1 MPH)
Batting: LHB Spike Lehman 0-0: Called Strike
0-1: Swinging Strike
0-2: Ball
1-2: Ball
2-2: Strikes out swinging
Batting: RHB Dan Myers 0-0: Ball
1-0: Ball
2-0: Ball
3-0: Base on Balls
Batting: RHB Chris Slater 0-0: Ball
1-0: Ball
2-0: Ball
3-0: Base on Balls
Dan Myers to second
Batting: RHB Randy Burke 0-0: Called Strike
0-1: Ball
1-1: Foul Ball, location: 2F
1-2: Ball
2-2: Foul Ball, location: 3FF
2-2: Ball
3-2: Foul Ball, location: 2F
3-2: Strikes out swinging
Bottom of the 5th over - 0 runs, 0 hits, 0 errors, 2 left on base; Hartford 0 - Akron 1
TOP OF THE 6TH
Hartford Yard Goats batting - Pitching for Akron RubberDucks : RHP Curt Blackwell
Batting: RHB Ben Austin 0-0: Called Strike
0-1: Swinging Strike
0-2: Ball
1-2: SINGLE (Line Drive, 4M, EV 96.9 MPH)
Batting: RHB Tom Spencer 0-0: Sac Bunt to 5S - play at first, batter OUT! 5-3
Ben Austin to second
Batting: LHB Mike Gibson 0-0: Ball
Ben Austin is caught stealing 3rd base 2-5
1-0: SINGLE (Groundball, 6MD, EV 95.6 MPH)
Batting: RHB Aurelio Alvarado 0-0: Ground out 4-3 (Groundball, 4S, EV 85.0 MPH)
Top of the 6th over - 0 runs, 2 hits, 0 errors, 1 left on base; Hartford 0 - Akron 1
BOTTOM OF THE 6TH
Akron RubberDucks batting - Pitching for Hartford Yard Goats : RHP Greg Ashby
Batting: RHB António Trujillo 0-0: Ball
1-0: Called Strike
1-1: Swinging Strike
1-2: Foul Ball, location: 2F
1-2: Hit by Pitch
Batting: RHB Doug Black 0-0: Called Strike
0-1: Ball
1-1: Swinging Strike
1-2: Ball
2-2: SINGLE (Line Drive, 5D, EV 102.5 MPH)
António Trujillo to second
Batting: LHB Ignacio Hernández 0-0: Ball
1-0: Ball
2-0: SINGLE (Line Drive, 89M, EV 85.6 MPH)
António Trujillo to third
Doug Black to second
Batting: RHB José González 0-0: Ball
1-0: Ball
2-0: Ball
3-0: Base on Balls
António Trujillo scores
Doug Black to third
Ignacio Hernández to second
Batting: LHB Tim Elliott 0-0: Ball
1-0: Ball
2-0: Ball
3-0: Base on Balls
Doug Black scores
Ignacio Hernández to third
José González to second
Pitching: RHP Jorge Ibarra
Batting: LHB Spike Lehman 0-0: Ball
1-0: Ball
2-0: Called Strike
2-1: Fly out, F8 (Flyball, 89M, EV 86.9 MPH)
Batting: RHB Dan Myers 0-0: Ball
1-0: Called Strike
1-1: Ball
2-1: Fly out, F9 (Flyball, 89S, EV 93.1 MPH)
Batting: RHB Chris Slater 0-0: Called Strike
0-1: Foul Ball, location: 7LMF
0-2: Fly out, F8 (Flyball, 89M, EV 89.4 MPH)
Bottom of the 6th over - 2 runs, 2 hits, 0 errors, 3 left on base; Hartford 0 - Akron 3
TOP OF THE 7TH
Hartford Yard Goats batting - Pitching for Akron RubberDucks : RHP Curt Blackwell
Batting: SHB José Flores 0-0: Ball
1-0: Ball
2-0: Ball
3-0: Base on Balls
Batting: RHB Iván Ojeda 0-0: Ball
1-0: Ball
2-0: Called Strike
2-1: Foul Ball, location: 3F
2-2: Ball
3-2: Base on Balls
José Flores to second
Batting: RHB Orlando Ochoa 0-0: Ball
1-0: Foul Ball, location: 3SF
1-1: SINGLE (Groundball, 6MS, EV 68.8 MPH) (infield hit)
José Flores to third
Iván Ojeda to second
Pinch Hitting: RHB Stan Moore 0-0: Ball
1-0: Ball
2-0: Called Strike
2-1: Ball
3-1: Foul Ball, location: 25F
3-2: Base on Balls
José Flores scores
Iván Ojeda to third
Orlando Ochoa to second
Pitching: LHP José Ramos
Batting: SHB Jerry Clifton 0-0: Ball
1-0: Ball
2-0: Called Strike
2-1: SINGLE (Line Drive, 56D, EV 105.6 MPH)
Iván Ojeda scores
Orlando Ochoa to third
Stan Moore to second
Batting: RHB Ben Austin 0-0: Foul Ball, location: 9LSF
0-1: Foul Ball, location: 9LSF
0-2: Strikes out swinging
Batting: RHB Tom Spencer 0-0: SINGLE (Groundball, 6MD, EV 94.4 MPH)
Orlando Ochoa scores
Stan Moore to third
Jerry Clifton to second
Runner from 3rd tries for Home, throw by CF and OUT! 8-2
Pinch Hitting: RHB Gilberto Martínez 0-0: Fielders Choice at 2nd, 6-4 (Groundball, 6, EV 100.6 MPH)
Top of the 7th over - 3 runs, 3 hits, 0 errors, 2 left on base; Hartford 3 - Akron 3
BOTTOM OF THE 7TH
Akron RubberDucks batting - Pitching for Hartford Yard Goats : RHP Jorge Ibarra
Now at 3B: Jeff Johnston
Now at SS: Iván Ojeda
Now in CF: Rubén Chávez
Now in RF: José Flores
Pinch Hitting: RHB Albert Rocha 0-0: Ball
1-0: Called Strike
1-1: Foul Ball, location: 2F
1-2: Fly out, F9 (Flyball, 9, EV 97.5 MPH)
Batting: RHB António Trujillo 0-0: Ball
1-0: Foul Ball, location: 2F
1-1: Fly out, F9 (Line Drive, 9, EV 95.0 MPH)
Batting: RHB Doug Black 0-0: Foul Ball, location: 9LMF
0-1: Foul Ball, location: 5F
0-2: Ground out 1-3 (Groundball, 34S, EV 70.6 MPH)
Bottom of the 7th over - 0 runs, 0 hits, 0 errors, 0 left on base; Hartford 3 - Akron 3
TOP OF THE 8TH
Hartford Yard Goats batting - Pitching for Akron RubberDucks : LHP José Ramos
Now in CF: Tim Sharpe
Batting: RHB Aurelio Alvarado 0-0: Ball
1-0: Called Strike
1-1: Ball
2-1: Swinging Strike
2-2: Ball
3-2: Ground out 6-3 (Groundball, 6, EV 86.9 MPH)
Batting: SHB José Flores 0-0: Called Strike
0-1: Ball
1-1: Ball
2-1: Foul Ball, location: 7LSF
2-2: Foul Ball, location: 2F
2-2: Foul Ball, location: 3FF
2-2: Ball
3-2: Base on Balls
Batting: RHB Iván Ojeda 0-0: Sac Bunt to 13 - play at first, batter OUT! 1-3
José Flores to second
Batting: RHB Orlando Ochoa 0-0: Foul Ball, location: 3F
0-1: Ball
1-1: Ball
2-1: Called Strike
2-2: Ball
3-2: Base on Balls
Pitching: RHP Waylon Higginson
Pinch Hitting: SHB John Roberge 0-0: Ball
1-0: Fly out, F9 (Flyball, 9, EV 88.8 MPH)
Top of the 8th over - 0 runs, 0 hits, 0 errors, 2 left on base; Hartford 3 - Akron 3
BOTTOM OF THE 8TH
Akron RubberDucks batting - Pitching for Hartford Yard Goats : RHP Jorge Ibarra
Now in CF: Jack De san miguel
Batting: LHB Ignacio Hernández 0-0: Called Strike
0-1: Ball
1-1: Ball
2-1: Ball
3-1: Foul Ball, location: 7LMF
3-2: Base on Balls
Pitching: LHP Héctor Garza
Batting: RHB José González 0-0: Ball
1-0: Swinging Strike
1-1: Ball
2-1: Swinging Strike
2-2: Ball
3-2: Foul Ball, location: 2F
3-2: Base on Balls
Ignacio Hernández to second
Batting: LHB Tim Elliott 0-0: Called Strike
0-1: Fly out, F7 (Flyball, 7, EV 88.8 MPH)
Pinch Hitting: RHB Yifu Fang 0-0: Called Strike
0-1: Fly out, F8 (Flyball, 78D, EV 94.4 MPH)
Batting: RHB Dan Myers 0-0: Ball
1-0: Ground out 4-3 (Groundball, 4, EV 80.0 MPH)
Bottom of the 8th over - 0 runs, 0 hits, 0 errors, 2 left on base; Hartford 3 - Akron 3
TOP OF THE 9TH
Hartford Yard Goats batting - Pitching for Akron RubberDucks : RHP Waylon Higginson
Now at 1B: Yifu Fang
Pinch Hitting: RHB Tim Brown 0-0: Ball
1-0: Ground out 4-3 (Groundball, 4, EV 88.1 MPH)
Batting: RHB Ben Austin 0-0: Called Strike
0-1: Swinging Strike
0-2: Strikes out looking
Batting: RHB Tom Spencer 0-0: Ball
1-0: Foul Ball, location: 2F
1-1: SINGLE (Groundball, 6MD, EV 103.8 MPH)
Pinch Hitting: SHB Dave Pleydell 0-0: Ball
1-0: Called Strike
Tom Spencer steals 2nd base
1-1: Reached via error on a dropped throw from 3B, E3 (Groundball, 56, EV 90.6 MPH)
Tom Spencer to third
Batting: RHB Aurelio Alvarado 0-0: Swinging Strike
0-1: Ball
1-1: Ball
Dave Pleydell steals 2nd base (no throw)
2-1: Ball
3-1: Base on Balls
Batting: SHB José Flores 0-0: Ball
1-0: Fielders Choice at 2nd, 6-4 (Groundball, 6, EV 101.3 MPH)
Top of the 9th over - 0 runs, 1 hit, 1 error, 3 left on base; Hartford 3 - Akron 3
BOTTOM OF THE 9TH
Akron RubberDucks batting - Pitching for Hartford Yard Goats : LHP Héctor Garza
Now at C: Tim Brown
Now at 3B: Dave Pleydell
Pinch Hitting: SHB Ernesto Méndez 0-0: Ball
1-0: Reached on error, E4 (Groundball, 4, EV 80.0 MPH)
Batting: RHB Tim Sharpe 0-0: Sac Bunt to 23 - play at first, batter OUT! 3-4
Ernesto Méndez to second
Batting: RHB António Trujillo 0-0: Ball
1-0: Called Strike
1-1: Ball
2-1: Called Strike
2-2: Foul Ball, location: 9LDF
2-2: Ball
3-2: Strikes out swinging
Batting: RHB Doug Black 0-0: Intentional Walk
Batting: LHB Ignacio Hernández 0-0: Foul Ball, location: 2F
0-1: Foul Ball, location: 3SF
0-2: Ball
1-2: Strikes out swinging
Bottom of the 9th over - 0 runs, 0 hits, 1 error, 2 left on base; Hartford 3 - Akron 3
TOP OF THE 10TH
Hartford Yard Goats batting - Pitching for Akron RubberDucks : RHP Waylon Higginson
Pitching: RHP Kelvin Watson
Now at C: Eric Sanford
Batting: RHB Iván Ojeda 0-0: Ball
1-0: Foul Ball, location: 9LSF
1-1: Ball
2-1: Foul Ball, location: 2F
2-2: Ground out 5-3 (Groundball, 56, EV 83.8 MPH)
Batting: RHB Orlando Ochoa 0-0: Foul Ball, location: 5SF
0-1: Ball
1-1: Ball
2-1: Ball
3-1: Base on Balls
Batting: RHB Jack De san miguel 0-0: Ball
1-0: Bunt missed!
1-1: Foul Ball, location: 9LMF
1-2: Fly out, F9 (Flyball, 9S, EV 88.1 MPH)
Pinch Hitting: RHB Jorge Ortega 0-0: Swinging Strike
0-1: Fielders Choice at 2nd, U4 (Groundball, 4M, EV 106.3 MPH)
Top of the 10th over - 0 runs, 0 hits, 0 errors, 1 left on base; Hartford 3 - Akron 3
BOTTOM OF THE 10TH
Akron RubberDucks batting - Pitching for Hartford Yard Goats : LHP Héctor Garza
Now at C: Chet Powers
Batting: RHB José González 0-0: Ball
1-0: Called Strike
1-1: Ball
2-1: SINGLE (Groundball, 34S, EV 66.9 MPH) (infield hit)
Pinch Hitting: RHB César Jiménez 0-0: Ball
1-0: Sac Bunt to 13 - play at second, runner OUT! 1-6
Batting: RHB Yifu Fang 0-0: Called Strike
0-1: Called Strike
0-2: Ball
1-2: Foul Ball, location: 5F
1-2: Foul Ball, location: 2F
1-2: Fielders Choice at 2nd, 6-4 (Groundball, 6, EV 83.8 MPH)
Batting: RHB Dan Myers 0-0: Ball
1-0: Ball
2-0: 2-RUN HOME RUN (Flyball, 78XD, EV 100.0 MPH), Distance : 400 ft
Bottom of the 10th over - 2 runs, 2 hits, 0 errors, 0 left on base; Hartford 3 - Akron 5
Wednesday, May 1st , 2024 - OOTP Baseball 24.10 Build 82